Map: Cyber Forest LE

Players

Mesrob

  • Race: Terran Terran
  • League: Platinum
  • Spawn Location: 11:00

BabySmuggler - Winner!

  • Race: Terran Terran
  • League: Platinum
  • Spawn Location: 5:00

VOD

Have the link to the VOD?

Description

Time

  • Played on: Feb. 1, 2019, 2:57 a.m.
  • Length: 23:20
Show
View Real Time Build Order
Export as new Build Order

Mesrob Terran 

Build Orders: Mech 

Get SALT Encoding   

  12  0:00  SCV  
  13  0:12  SCV  
  14  0:17  Supply Depot  
  14  0:25  SCV  
  15  0:38  SCV  
  15  0:40  Barracks  
  16  0:49  Refinery  
  16  0:50  SCV  
  17  1:03  SCV  
  18  1:15  SCV  
  19  1:27  Orbital Command  
  19  1:37  Command Center  
  19  1:40  Marine  
  20  1:59  Bunker  
  20  2:03  SCV  
  21  2:11  Factory  
  21  2:20  Barracks Tech Lab, SCV  
  22  2:29  Supply Depot  
  22  2:32  SCV  
  22  2:34  Refinery  
  23  2:49  SCV  
  24  2:56  Supply Depot  
  24  3:02  Armory  
  24  3:06  SCV  
  24  3:07  SCV  
  24  3:11  Marine  
  27  3:14  Siege Tank  
  30  3:24  Supply Depot  
  30  3:28  Orbital Command  
  30  3:30  SCV  
  31  3:42  SCV  
  31  3:46  Siege Tank  
  31  3:47  Orbital Command  
  35  3:50  Engineering Bay  
  35  3:51  Bunker  
  29  4:06  Supply Depot  
  29  4:17  SCV  
  30  4:25  Missile Turret  
  30  4:26  Siege Tank  
  30  4:29  SCV  
  34  4:36  Marine  
  35  4:41  SCV  
  36  4:53  SCV  
  36  4:59  Marine  
  38  5:02  Orbital Command  
  38  5:03  Siege Tank  
  41  5:37  SCV  
  41  5:38  Bunker  
  41  5:39  SCV  
  41  5:41  Bunker  
  43  5:47  Factory  
  43  5:49  Factory, SCV  
  44  5:51  SCV  
  44  5:56  Factory x2  
  45  5:59  Factory  
  45  6:13  Refinery  
  45  6:19  Refinery  
  45  6:36  SCV  
  46  6:47  Factory Reactor x2  
  46  6:48  Factory Tech Lab x2  
  46  6:49  Factory Tech Lab  
  46  6:57  Supply Depot  
  46  6:58  Supply Depot  
  46  7:19  Marine, SCV, Thor  
  46  7:20  SCV  
  46  7:21  Supply Depot  
  46  7:22  Supply Depot  
  55  7:36  Marine  
  56  7:47  Thor  
  62  7:51  Command Center  
  62  7:54  Marine  
  63  7:59  SCV  
  63  8:01  SCV  
  65  8:11  SCV  
  65  8:12  Marine  
  67  8:13  SCV  
  67  8:14  Hellbat x3  
  67  8:15  Hellbat  
  76  8:24  Supply Depot  
  76  8:25  Supply Depot  
  76  8:26  Terran Vehicle Weapons Level 1  
  76  8:30  Armory  
  76  8:45  Sensor Tower, Thor  
  82  8:49  Supply Depot  
  82  8:50  Supply Depot  
  82  9:00  Hellbat x2  
  82  9:01  Hellbat x2  
  90  9:10  Planetary Fortress  
  90  9:12  Supply Depot, Command Center  
  90  9:15  SCV x2  
  92  9:21  Factory  
  92  9:27  SCV  
  92  9:30  Hellbat x4  
  101  9:34  Refinery  
  101  9:41  Refinery  
  101  9:49  Thor  
  107  10:03  Supply Depot  
  107  10:11  Supply Depot  
  107  10:13  Supply Depot x2  
  107  10:19  SCV  
  108  10:24  SCV  
  108  10:26  Supply Depot, SCV  
  110  10:31  SCV  
  110  10:32  Refinery  
  111  10:36  Supply Depot  
  111  10:37  Factory  
  111  10:42  Factory Reactor  
  111  10:43  SCV, Thor  
  111  10:48  Supply Depot  
  118  10:51  Planetary Fortress  
  118  10:56  Refinery  
  118  11:14  Thor  
  118  11:15  Command Center  
  124  11:20  Factory  
  124  11:27  Factory Tech Lab, Thor  
  124  11:29  Thor  
  136  11:56  Thor  
  136  11:57  Thor  
  148  12:04  SCV  
  149  12:14  Factory  
  148  12:16  Factory Reactor, SCV  
  149  12:24  Hellbat x2  
  149  12:25  Hellbat x2  
  149  12:26  Hellbat x2  
  149  12:28  SCV  
  162  12:30  Thor  
  168  12:37  SCV x2  
  168  12:41  SCV  
  168  12:43  SCV  
  172  12:47  Planetary Fortress  
  172  12:49  SCV x2  
  174  12:52  Refinery  
  174  12:53  SCV  
  174  12:56  SCV  
  176  13:01  SCV  
  175  13:18  Refinery  
  171  14:02  Factory Reactor  
  170  14:06  Factory  
  166  14:34  Missile Turret  
  163  14:39  Missile Turret  
  163  14:41  Missile Turret  
  160  15:03  Missile Turret  
  160  15:06  Armory  
  160  15:08  Armory  
  160  15:30  Supply Depot  
  160  15:31  Supply Depot  
  160  15:32  Supply Depot  
  160  15:39  Supply Depot x2  
  160  15:53  Hellion x2  
  160  15:54  Hellion x2  
  160  15:55  Supply Depot  
  160  15:56  Command Center  
  168  16:00  Thor x3  
  168  16:02  Supply Depot  
  168  16:04  Supply Depot  
  186  16:11  Terran Vehicle Weapons Level 2  
  186  16:14  Terran Vehicle And Ship Armor Level 1  
  186  16:17  Thor  
  192  16:24  Thor  
  198  16:29  Supply Depot  
  198  16:30  Supply Depot  
  196  16:43  Thor  
  199  17:08  Missile Turret  
  197  17:27  Missile Turret  
  193  17:44  Thor  
  193  17:47  Missile Turret  
  169  18:06  Missile Turret  
  89  19:00  Starport x2  
  89  19:02  Starport  
  57  19:06  Starport x2  
  57  19:07  Starport  
  57  19:09  Thor  
  51  19:27  Command Center  
  51  19:33  SCV  
  52  19:38  Viking x2  
  52  19:39  Viking  
  52  19:43  Viking x2  
  52  19:44  Viking  
  64  19:45  SCV  
  64  19:52  Thor  
  71  19:58  SCV  
  72  20:00  Factory  
  72  20:01  Factory x2  
  72  20:03  Factory x2  
  72  20:05  Factory  
  72  20:08  Viking x2  
  72  20:09  Viking  
  72  20:10  SCV  
  72  20:13  Viking x2  
  72  20:14  Viking  
  85  20:22  SCV  
  86  20:35  Thor  
  92  20:38  Viking x3, SCV  
  92  20:39  SCV x2  
  101  20:43  Viking x2  
  105  20:53  Viking  
  107  20:59  Factory Tech Lab, Factory Reactor  
  107  21:00  Factory Tech Lab  
  107  21:01  Factory Tech Lab  
  107  21:02  Factory Reactor  
  107  21:03  Factory Tech Lab  
  107  21:08  Viking x2  
  111  21:14  Viking  
  111  21:15  Viking  
  111  21:18  Thor  
  121  21:25  Hellbat x2  
  127  21:26  Hellbat x2  
  129  21:43  Refinery  
  129  21:45  Refinery  
  129  21:58  Engineering Bay  
  129  22:11  Thor  
  129  22:12  Thor x3  
  129  22:13  Thor  
  129  22:14  Hellbat  
  129  22:15  Hellbat x2  
  165  22:18  Viking  
  144  22:39  Command Center  
  112  22:46  Viking  
Show
View Real Time Build Order
Export as new Build Order

BabySmuggler Terran - Winner!

Build Orders: Mech 

Get SALT Encoding   

  12  0:01  SCV  
  13  0:13  SCV  
  14  0:20  Supply Depot  
  14  0:25  SCV  
  15  0:42  SCV  
  16  0:45  Refinery  
  16  0:54  SCV  
  17  0:58  Barracks  
  17  1:12  Barracks  
  17  1:13  SCV  
  18  1:24  Barracks  
  18  1:28  SCV  
  19  1:42  SCV  
  19  1:46  Supply Depot, Barracks Reactor  
  20  1:54  SCV  
  20  1:59  Barracks Reactor  
  21  2:20  Bunker  
  21  2:27  Marine  
  21  2:29  Supply Depot  
  22  2:30  Marine x2  
  22  2:35  Marine x2  
  26  2:45  Marine  
  26  2:46  Orbital Command  
  27  3:02  Marine x3  
  27  3:03  Marine  
  31  3:06  Refinery  
  31  3:18  Marine  
  31  3:19  Marine  
  32  3:20  Marine x2  
  32  3:21  Marine  
  36  3:31  SCV  
  37  3:35  Supply Depot  
  35  4:10  Command Center  
  35  4:13  SCV  
  36  4:25  SCV  
  37  4:31  Barracks Tech Lab  
  37  4:37  SCV  
  38  4:39  Factory  
  38  4:44  Factory  
  38  4:45  Factory  
  38  4:49  SCV  
  39  4:56  Supply Depot  
  39  4:59  Supply Depot  
  39  5:01  SCV  
  40  5:09  Marine  
  40  5:13  SCV  
  29  5:24  Orbital Command  
  29  5:25  SCV  
  29  5:26  Marine  
  31  5:28  Factory Tech Lab x2  
  31  5:31  Factory Tech Lab  
  31  5:37  SCV  
  32  5:44  Marine  
  32  5:48  Refinery  
  32  5:49  SCV  
  34  5:55  Siege Tank x2  
  40  5:58  Siege Tank  
  40  6:01  Barracks Tech Lab x2, SCV  
  44  6:09  SCV  
  45  6:12  Refinery  
  45  6:14  Engineering Bay  
  45  6:19  Supply Depot  
  45  6:22  SCV  
  45  6:25  SCV  
  47  6:34  SCV, Bunker  
  47  6:37  SCV  
  47  6:39  Siege Tank x2  
  55  6:42  Supply Depot  
  55  6:49  SCV  
  55  6:51  Missile Turret  
  59  6:54  Siege Tank  
  59  7:01  SCV  
  59  7:07  Starport  
  60  7:13  SCV  
  61  7:26  SCV  
  62  7:41  Command Center  
  62  8:03  Command Center  
  62  8:04  Starport, Factory Tech Lab  
  62  8:07  Factory Tech Lab  
  62  8:10  Marine x3  
  65  8:18  SCV  
  65  8:19  SCV  
  67  8:28  Marine x3  
  67  8:30  SCV  
  67  8:31  SCV  
  72  8:43  Starport, SCV x2  
  72  8:45  Marine, Banshee  
  72  8:46  Marine x2, Banshee  
  72  8:47  Factory Tech Lab, Cloaking Field  
  83  8:49  Hyperflight Rotors  
  83  8:51  Widow Mine x2  
  83  8:55  SCV x2  
  88  9:00  Refinery  
  89  9:03  Planetary Fortress, Marine  
  89  9:04  Marine x2  
  89  9:07  SCV  
  89  9:08  SCV  
  94  9:13  Widow Mine x2  
  94  9:15  Planetary Fortress, Missile Turret  
  98  9:20  SCV  
  98  9:21  Marine  
  100  9:27  Marauder  
  100  9:28  Marauder  
  100  9:29  Widow Mine  
  106  9:32  SCV  
  106  9:35  Missile Turret  
  107  9:39  Marauder, SCV  
  107  9:44  Refinery  
  110  9:48  SCV x2  
  110  9:51  SCV  
  113  9:53  Banshee x3  
  122  10:07  Siege Tank  
  125  10:15  Siege Tank  
  125  10:18  Refinery  
  128  10:22  Refinery, Missile Turret  
  128  10:28  Missile Turret  
  128  10:34  SCV  
  129  10:36  Banshee x3  
  129  10:42  Missile Turret  
  138  10:46  SCV x2  
  138  10:48  Missile Turret  
  140  10:55  Fusion Core  
  140  11:06  SCV  
  140  11:08  Missile Turret  
  140  11:09  Supply Depot  
  141  11:13  Supply Depot  
  141  11:18  Command Center  
  141  11:27  Missile Turret  
  141  11:31  Marauder x3  
  147  11:34  Supply Depot  
  147  11:37  Supply Depot  
  147  11:43  Weapon Refit  
  147  11:47  Battlecruiser  
  147  11:48  Missile Turret  
  147  11:49  Battlecruiser  
  147  11:52  Marauder x2  
  147  11:53  Marauder  
  165  11:58  Battlecruiser  
  171  12:18  Missile Turret  
  171  12:32  SCV  
  171  12:33  Missile Turret  
  172  12:42  SCV x2  
  174  12:46  Planetary Fortress  
  174  12:53  Missile Turret  
  150  15:01  Battlecruiser x3  
  150  15:05  Marauder  
  150  15:06  Marauder x2  
  174  15:16  Refinery  
  174  15:18  Refinery  
  174  15:27  Marauder x3  
  180  15:30  Command Center  
  180  15:36  Combat Shield, Concussive Shells  
  180  15:42  Armory  
  180  15:48  Engineering Bay  
  180  15:53  Cyclone x3  
  189  15:57  Stimpack  
  189  16:05  Battlecruiser  
  195  16:30  Armory  
  171  17:07  Battlecruiser  
  171  17:08  Battlecruiser  
  183  17:09  Battlecruiser  
  167  17:54  Marauder x3  
  157  18:12  Battlecruiser x2  
  159  18:13  Battlecruiser  
  159  18:15  Marauder x3  
  142  18:36  Marauder  
  142  18:37  Marauder x2  
  112  19:15  Command Center  
  112  19:16  Battlecruiser x2  
  112  19:17  SCV  
  125  19:18  Battlecruiser  
  131  19:29  SCV  
  132  19:40  SCV  
  133  19:52  SCV  
  134  20:04  SCV  
  137  20:14  Hellion x3  
  137  20:16  SCV  
  137  20:20  Battlecruiser x2  
  154  20:22  Battlecruiser  
  154  20:26  Planetary Fortress, Refinery  
  154  20:28  SCV x2  
  164  20:35  Hellion  
  164  20:36  Hellion x2  
  164  20:40  SCV x2  
  170  20:54  Planetary Fortress  
  170  20:55  Refinery  
  172  20:57  Hellion x3  
  172  20:58  Missile Turret  
  176  21:12  Command Center  
  176  21:18  Hellion x2, Missile Turret  
  180  21:24  Battlecruiser  
  186  21:38  Missile Turret  
  186  21:41  SCV  
  187  21:53  Refinery, SCV  
  188  21:56  Battlecruiser  
  188  21:58  Battlecruiser  
  184  22:19  Refinery  
Tags
 
Composition
MechMech
Matchup
TvT
Race
Terran
Replay Pack
sc2 replays
Spawn Locations
Cross Positions
Add a new tag
Caveats
  • Supply blocks, unpowered buildings, or Contaminate may cause inaccurate times.
  • Supply counts are checked every 10 seconds.